 Dungeon Crawl Stone Soup version 0.31-a0-986-g5e6e4ef867 (webtiles) character file.

Game seed: 16500097503598500727

88877 quinnr the Stormcaller (level 15, -16/92 HPs)
             Began as a Tengu Air Elementalist on Nov 19, 2023.
             Was a High Priest of Vehumet.
             Demolished by a minotaur
             ... wielding the +6 flail of Okawaru's Castigation {speed, rElec Will+}
              (30 damage)
             ... in a Gauntlet.
             The game lasted 01:16:43 (35985 turns).

quinnr the Stormcaller (Tengu Air Elementalist)    Turns: 35985, Time: 01:16:44

Health: -16/92     AC:  7    Str: 15    XL:     15   Next: 95%
Magic:  0/33       EV: 23    Int: 24    God:    Vehumet [*****.]
Gold:   1930       SH:  0    Dex: 15    Spells: 6/40 levels left

rFire   + . .        M - +1 spear "Ox" {flame, rPois rF+ rC+ Int+2}
rCold   + + +        (no shield)
rNeg    . . .        o - +4 skin of Zhor {*Englaciate rC+++ SInv}
rPois   +            (helmet restricted)
rElec   .            (no cloak)
rCorr   .            h - +0 pair of gloves
SInv    +            (boots unavailable)
Will    +....        k - amulet of regeneration
Stlth   ++++         Z - ring "Irghial" {Will+ Str+6}
HPRegen 1.15/turn    C - ring of protection from cold
MPRegen 0.23/turn

%: no teleportation, acrobat
@: swift, weak-willed, flying, quick
A: beak, talons 3, evasive flight, acrobatic
a: Renounce Religion


You were in a Gauntlet.
You worshipped Vehumet.
Vehumet was extremely pleased with you.
You visited 4 branches of the dungeon, and saw 21 of its levels.
You also visited: Ossuary, Gauntlet and Ice Cave.

You collected 1994 gold pieces.
You spent 64 gold pieces at shops.


Innate Abilities, Weirdness & Mutations

You have a beak for a mouth.
You have claws for feet.
Your magical flight helps you evade attacks. (EV +4)
You can magically evade attacks while moving or waiting.


   Skills:
 + Level 9.7 Fighting
 - Level 4.0 Armour
 * Level 12.8 Dodging
 - Level 9.0 Stealth
 - Level 13.0 Spellcasting
 - Level 3.0 Conjurations
 - Level 8.0 Summonings
 - Level 4.0 Ice Magic
 - Level 17.0 Air Magic
 - Level 9.0 Evocations


You had 6 spell levels left.
You knew the following spells:

 Your Spells              Type           Power      Damage    Failure   Level
a - Airstrike             Air            38%        2d(6-22)  1%          4
b - Summon Ice Beast      Ice/Summ       44%        N/A       3%          4
i - Swiftness             Air            77%        N/A       0%          3
l - Summon Lightning Spi  Summ/Air       66%        N/A       1%          4
t - Static Discharge      Conj/Air       100%       3-8/arc   1%          2
z - Shock                 Conj/Air       100%       1d9       1%          1
X - Vhi's Electric Charg  Tloc/Air       100%       N/A       1%          4
Y - Conjure Ball Lightni  Conj/Air       29%        3x3d8     2%          6
Z - Plasma Beam           Fire/Air       27%        2x1d39    5%          6

Your spell library contained the following spells:

 Spells                   Type           Power      Damage    Failure   Level
 Foxfire                  Conj/Fire      88%        2x1d8     1%          1
 Freeze                   Ice            100%       1d10      1%          1
 Momentum Strike          Conj/Tloc      44%        3d9       1%          2
 Frozen Ramparts          Ice            68%        1d11      1%          3
 Hailstorm                Conj/Ice       32%        3d8       1%          3
 Ozocubu's Armour         Ice            34%        N/A       2%          3
 Inner Flame              Hex/Fire       15%        N/A       3%          3
 Flame Wave               Conj/Fire      22%        2d8       5%          4
 Sticky Flame             Conj/Fire      22%        2d4       5%          4
 Blink                    Tloc           30%        N/A       6%          2
 Lesser Beckoning         Tloc           30%        N/A       6%          2
 Wereblood                Tmut           15%        N/A       6%          2
 Iskenderun's Battlesphe  Conj           30%        2d8       9%          5
 Irradiate                Conj/Tmut      11%        3d15      16%         5
 Summon Mana Viper        Hex/Summ       34%        N/A       21%         5
 Anguish                  Hex/Necr       7%         N/A       36%         4
 Animate Dead             Necr           15%        N/A       36%         4
 Cause Fear               Hex            7%         N/A       36%         4
 Metabolic Englaciation   Hex/Ice        12%        N/A       43%         5
 Bombard                  Conj/Erth      11%        9d3       58%         6
 Borgnjor's Vile Clutch   Necr/Erth      7%         N/A       71%         5
 Simulacrum               Ice/Necr       12%        N/A       95%         6
 Death Channel            Necr           7%         N/A       99%         6
 Spellforged Servitor     Conj/Summ      21%        N/A       61%         7
 Monstrous Menagerie      Summ           26%        N/A       77%         7
 Enfeeble                 Hex            7%         N/A       100%        7

Inventory:

Hand Weapons
 M - the +1 spear "Ox" (weapon) {flame, rPois rF+ rC+ Int+2}
   (You found it on level 10 of the Dungeon)

   Int+2:     It affects your intelligence (+2).
   rF+:       It protects you from fire.
   rC+:       It protects you from cold.
   rPois:     It protects you from poison
 O - the +8 trident of Puosoph {flame, rF+ rCorr}
   (You found it on level 10 of the Dungeon)

   rF+:       It protects you from fire.
   rCorr:     It protects you from acid and corrosion.
Missiles
 E - a throwing net {=f}
Armour
 h - a +0 pair of gloves (worn)
 o - the +4 skin of Zhor (worn) {*Englaciate rC+++ SInv}
   (You found it in an ice cave)

   *Englaciate: It radiates cold, occasionally slowing all nearby creatures who
   are not resistant to cold.
   rC+++:     It renders you almost immune to cold.
   SInv:      It lets you see invisible.
 Q - the +2 robe "Vicvib" {Str+4 Archmagi}
   (You found it on level 1 of the Lair of Beasts)

   Str+4:     It affects your strength (+4).
   Archmagi:  It increases the power of your magical spells.
Jewellery
 c - the amulet "Wongypso" {Faith rF+}
   (You found it in a Gauntlet)

   [amulet of faith]

   Faith:     It allows you to gain divine favour quickly.
   rF+:       It protects you from fire.
 k - an amulet of regeneration (around neck)
 z - a ring of ice
 C - a ring of protection from cold (right hand)
 R - a ring of resist corrosion
 Z - the ring "Irghial" (left hand) {Will+ Str+6}
   (You found it on level 5 of the Lair of Beasts)

   [ring of willpower]

   Str+6:     It affects your strength (+6).
   Will+:     It increases your willpower.
Wands
 a - a wand of charming (3)
 s - a wand of iceblast (13)
 F - a wand of polymorph (9)
 G - a wand of light (3)
 W - a wand of flame (3)
 Y - a wand of digging (3)
Scrolls
 g - 5 scrolls of teleportation {@r2}
 i - 6 scrolls of noise {unknown}
 n - 7 scrolls of vulnerability
 p - 4 scrolls of fear {unknown}
 r - 3 scrolls of butterflies
 t - 2 scrolls of amnesia {unknown}
 y - 2 scrolls of fog
 H - 6 scrolls of poison {unknown}
 J - a scroll of silence {!r}
 K - 3 scrolls of immolation {unknown}
 U - 5 scrolls of enchant armour {unknown}
Potions
 b - 4 potions of magic
 d - 5 potions of brilliance
 e - 12 potions of curing {@q1}
 f - 3 potions of heal wounds {@q2}
 m - 3 potions of mutation
 q - 3 potions of might
 w - 4 potions of haste {@q3}
 x - 5 potions of invisibility
 B - a potion of enlightenment
 V - 2 potions of cancellation
Miscellaneous
 L - a box of beasts (inert)

Dungeon Overview and Level Annotations

Branches:
Dungeon (13/15)            Temple (1/1) D:4            Lair (5/5) D:9
 Shoals (0/4) Lair:2        Snake (0/4) Lair:2        Slime (0/5) Lair:5
    Orc (2/2) D:12            Elf (0/3) Orc:2       Ossuary (visited)
  IceCv (visited)         Gauntlet (1/1)
 Vaults: D:13-14

Altars:
Ashenzari
Cheibriados
Dithmenos
Elyvilon
Fedhas
Gozag
Hepliaklqana
Kikubaaqudgha
Makhleb
Nemelex Xobeh
Okawaru
Qazlal
Ru
Sif Muna
Trog
Uskayaw
Vehumet
Wu Jian
Xom
Yredelemnul
Zin
The Shining One
Jiyva

Shops:
D:2 !*   D:4 :   Orc:1 *

Portals:
Hell: Lair:5

Annotations:
Lair:1 exclusion: downstairs
Orc:1 4 transporters Gauntlet 12 transporters, exclusion: obsidian statue

▒.........▒
▒.▓▓▓▓▓▓▓▓▓
▒.▓. ▒.▓. ░░
▒.▓.░░8
▒.▓... ▒.▓▓.░
▓
▒..▓H░░░░░.▓
▒▒.▓@8.....▓
▒.▓▓▓▓.▓▓▓▓.▒
▒...........▒
▒▒▒▒▒▒▒▒▒▒▒▒▒


You could see a minotaur (blind, weak-willed, ally target) and a friendly
lightning spire (summoned).


Message History

Aim: a minotaur, wielding the +6 flail of Okawaru's Castigation {speed, rElec Will+}, wearing a +0 chain mail, wearing the amulet of the Four Winds {rN+ Will+++ Clar} and quivering javelins (severely wounded, weak-willed, ally target, 84% to hit)
The bolt of light hits the minotaur.
The minotaur is severely wounded.
The minotaur is blinded.
The minotaur closely misses you. The minotaur barely misses you.
Unknown command.
Unknown command.
You hit the minotaur but do no damage. Your peck misses the minotaur.
The minotaur is severely wounded.
The minotaur hits you with the +6 flail of Okawaru's Castigation {speed, rElec Will+}!!!
* * * LOW HITPOINT WARNING * * *
The minotaur gores you.
* * * LOW HITPOINT WARNING * * *
The minotaur completely misses you. The minotaur misses you.
Your lightning spire shoots out a bolt of lightning at the minotaur!
The bolt of electricity hits the minotaur.
The minotaur resists.
Unknown command.
Unknown command.
Okay, then.
Unknown command.
Casting: Static Discharge (safe; 1% risk of failure)
Confirm with . or Enter, or press ? or * to list all spells.
Aiming: Airstrike (safe; 1% risk of failure)
Press: ? - help, Dir - move target, f/p - minotaur
Aim: a minotaur, wielding the +6 flail of Okawaru's Castigation {speed, rElec Will+}, wearing a +0 chain mail, wearing the amulet of the Four Winds {rN+ Will+++ Clar} and quivering javelins (almost dead, blind, weak-willed, ally target, empty space bonus: 1/8)
The air twists around and strikes the minotaur.
The minotaur is almost dead.
The minotaur hits you with the +6 flail of Okawaru's Castigation {speed, rElec Will+}!!
You die...

Skill      XL: |  1  2  3  4  5  6  7  8  9 10 11 12 13 14 15 |
---------------+----------------------------------------------+-----
Conjurations   | 2 3 |  3.0
Air Magic      | 5 6 7 9 10 11 12 15 17 | 17.0
Fighting       | 1 2 3 5 6 7 9 |  9.7
Stealth        | 3 4 6 9 |  9.0
Spellcasting   | 3 6 11 12 13 | 13.0
Dodging        | 3 6 8 10 11 12 | 12.8
Armour         | 4 |  4.0
Summonings     | 6 7 8 |  8.0
Evocations     | 2 3 7 9 |  9.0
Ice Magic      | 3 4 |  4.0

Action                     |  1- 3 |  4- 6 |  7- 9 | 10-12 | 13-15 || total
---------------------------+-------+-------+-------+-------+-------++-------
  Melee: Unarmed           |     1 |     1 |       |       |       ||     2
         Short sword       |       |     1 |    82 |    41 |       ||   124
         Kick              |       |     1 |    34 |    28 |    50 ||   113
         Peck              |       |     1 |    19 |    13 |    26 ||    59
         Punch             |       |       |     1 |     1 |     1 ||     3
         Spear             |       |       |       |    33 |   103 ||   136
   Cast: Shock             |    63 |    88 |   114 |   152 |   114 ||   531
         Static Discharge  |       |     4 |    17 |    18 |    11 ||    50
         Airstrike         |       |     2 |   107 |   173 |   444 ||   726
         Swiftness         |       |       |     6 |     2 |     9 ||    17
         Summon Lightning  |       |       |       |    52 |   151 ||   203
         Vhi's Electric Ch |       |       |       |       |     1 ||     1
         Summon Ice Beast  |       |       |       |       |    41 ||    41
         Conjure Ball Ligh |       |       |       |       |     6 ||     6
         Plasma Beam       |       |       |       |       |     2 ||     2
  Evoke: Wand              |       |       |       |     2 |     7 ||     9
         Box of beasts     |       |       |       |       |     4 ||     4
    Use: Scroll            |     4 |     3 |     5 |     5 |    14 ||    31
         Potion            |       |       |       |     1 |     1 ||     2
   Stab: Distracted        |       |       |       |     3 |     3 ||     6
         Invisible         |       |       |       |     1 |     1 ||     2
         Sleeping          |       |       |       |       |     1 ||     1
 Armour: Robe              |     8 |    15 |    69 |   102 |    90 ||   284
         Animal skin       |       |       |       |       |    42 ||    42
  Dodge: Dodged            |    12 |     7 |   146 |   222 |   294 ||   681

Levels and vault maps discovered:
D:1:      dpeg_arrival_arbitrary_b, layout_rooms, skrybe_limestone_x,
          minmay_3d_cube
D:2:      layout_basic, serial_shops, shop, shop, uniq_jessica
D:3:      layout_basic, mainiacjoe_overflow_alcove_2,
          mainiacjoe_overflow_cross_hatched, corexii_shack
D:4:      layout_layer_cave, nicolae_uskayaw_en_pointe,
          nicolae_overflow_macrodata_refinement,
          minmay_temple_entry_drinking_statues, serial_shops, shop, uniq_sigmund
D:5:      layout_cave_pools, enter_ossuary_5, serial_gnoll_camp,
          gnoll_camp_mini_house, gnoll_camp_mini_hut, gnoll_camp_huts_basic,
          gnoll_camp_mini_hut, gnoll_camp_mini_loothouse
D:6:      layout_loops_cross, minmay_lizard_king
D:7:      minmay_the_grid_octo_2x2 [minmay_the_grid_octo_horde,
          minmay_the_grid_octo_checkered, minmay_the_grid_octo_toaster,
          minmay_the_grid_octo_prize_big_c], layout_basic,
          nicolae_qazlal_general_emergency
D:8:      layout_rooms
D:9:      layout_loops_ring, lair_entry_dummy, minmay_unpleasant_kobolds
D:10:     layout_stronghold, nzn_hepliaklqana_mist_gate, uniq_lodul
D:11:     layout_rooms
D:12:     layout_rooms, erik_orc_4, chequers_jeans, grunt_ministairs_13,
          glass_columns_a, uniq_josephine
D:13:     evilmike_library_of_no_secrets, layout_irregular_city, david_vaults_1,
          portal_ice_cave_entry_ice_simulacra, nicolae_trove_entry_diagonal,
          nicolae_shop_self_help
Temple:   oiseaux_autumnal_temple
Lair:1:   layout_cave_pods, chequers_serial_rivers_small_3,
          grunt_forest_large_clearings, grunt_megastairs_5
Lair:2:   layout_gridlike, elwin_shoals_entry_rocks,
          minmay_snake_entry_six_corridors, minivault_24,
          chequers_serial_rivers_micro_c, uniq_fannar
Lair:3:   layout_chaotic_city, ebering_ghost_xom, grunt_megastairs_4,
          serial_bayou_shore_b
Lair:4:   layout_regular_city
Lair:5:   evil_forest, layout_misc_corridors, nicolae_slime_entry_slimehenge,
          grunt_megastairs_3
Orc:1:    dreamdust_wu_jian_sword_trials, layout_diamond_mine, serial_shops,
          nicolae_lakefront_shop, uniq_erolcha, uniq_snorg
Orc:2:    st_orc_ogre_mass, layout_diamond_mine, gauntlet_entry_generic,
          serial_shops, nicolae_shop_rolling_square
Gauntlet: gammafunk_gauntlet_one_two_three [gammafunk_gauntlet_arena_grid,
          gammafunk_gauntlet_arena_spirals, gammafunk_gauntlet_arena_hedges,
          nicolae_gauntlet_arena_t_cross, gammafunk_gauntlet_arena_teeth,
          gammafunk_gauntlet_arena_arrow_garden, gammafunk_gauntlet_arena_open,
          gammafunk_gauntlet_arena_crates, gammafunk_gauntlet_arena_corners,
          dreamdust_gauntlet_exit_labyrinth]

Notes
Turn   | Place    | Note
-------+----------+-------------------------------------------
     0 | D:1      | quinnr the Tengu Air Elementalist began the quest for the
                  | Orb.
     0 | D:1      | Reached XP level 1. HP: 10/10 MP: 4/4
   240 | D:1      | Reached skill level 2 in Conjurations
   240 | D:1      | Reached XP level 2. HP: 15/15 MP: 1/6
   667 | D:1      | Reached skill level 5 in Air Magic
   934 | D:2      | Learned a level 2 spell: Static Discharge
  1091 | D:2      | Reached XP level 3. HP: 19/20 MP: 4/7
  1094 | D:2      | Reached skill level 1 in Fighting
  1538 | D:2      | Noticed Jessica
  1553 | D:2      | Killed Jessica
  1554 | D:2      | Reached XP level 4. HP: 25/25 MP: 3/8
  1648 | D:2      | Learned a level 4 spell: Airstrike
  1896 | D:2      | Found Uliorrax's Distillery.
  1901 | D:2      | Bought a potion of degeneration for 12 gold pieces
  1966 | D:2      | Reached skill level 6 in Air Magic
  2153 | D:3      | Found a white marble altar of Elyvilon.
  2174 | D:3      | Reached skill level 3 in Stealth
  2195 | D:3      | Found a shadowy altar of Dithmenos.
  2256 | D:3      | Noticed an ogre
  2458 | D:3      | Reached XP level 5. HP: 29/29 MP: 4/9
  2518 | D:3      | Killed an ogre
  2838 | D:3      | Reached skill level 4 in Stealth
  2838 | D:3      | Reached skill level 7 in Air Magic
  2870 | D:3      | Reached XP level 6. HP: 31/34 MP: 1/10
  3061 | D:4      | Found an opulent altar of Gozag.
  3061 | D:4      | Found a glowing golden altar of the Shining One.
  3233 | D:4      | Reached skill level 8 in Air Magic
  3359 | D:4      | Found a bloodstained altar of Trog.
  3362 | D:4      | Found an ornate altar of the Wu Jian Council.
  3417 | D:4      | Noticed a black bear
  3425 | D:4      | Killed a black bear
  3426 | D:4      | Reached skill level 9 in Air Magic
  3426 | D:4      | Gained mutation: Your magical flight helps you evade
                  | attacks. (EV +4) [Tengu growth]
  3426 | D:4      | Reached XP level 7. HP: 28/38 MP: 1/11
  3605 | D:4      | Found a staircase to the Ecumenical Temple.
  3627 | D:4      | Noticed Sigmund
  3635 | Temple   | Entered the Ecumenical Temple
  3660 | Temple   | Became a worshipper of Vehumet
  3941 | D:4      | Found Nivix's Book Emporium.
  4054 | D:5      | Entered Level 5 of the Dungeon
  4165 | D:5      | Found a sand-covered staircase.
  4170 | Ossuary  | Entered an ossuary
  4524 | Ossuary  | Reached skill level 3 in Spellcasting
  4669 | Ossuary  | Reached skill level 10 in Air Magic
  4954 | Ossuary  | Reached skill level 2 in Fighting
  4954 | Ossuary  | Reached skill level 3 in Dodging
  4954 | Ossuary  | Reached XP level 8. HP: 44/44 MP: 2/13
  5477 | Ossuary  | Reached skill level 3 in Fighting
  5477 | Ossuary  | Reached skill level 4 in Dodging
  5574 | Ossuary  | Reached * piety under Vehumet
  5574 | Ossuary  | Offered knowledge of Magic Dart by Vehumet.
  5616 | Ossuary  | Reached skill level 5 in Dodging
  6187 | Ossuary  | Reached skill level 6 in Dodging
  6327 | Ossuary  | Reached skill level 11 in Air Magic
  6781 | D:4      | Noticed a +0 spear
  6781 | D:4      | Noticed a +0 spear
  6781 | D:4      | Noticed a +0 falchion
  6783 | D:4      | Noticed a +0 dagger
  6783 | D:4      | Noticed a +0 dagger
  6784 | D:4      | Noticed a +0 short sword
  6786 | D:4      | Noticed a +0 short sword
  6786 | D:4      | Noticed a +0 falchion
  6809 | D:4      | Found a hide-covered altar of Uskayaw.
  7174 | D:5      | Reached XP level 9. HP: 50/50 MP: 9/14
  7427 | D:5      | Identified the +1 leather armour "Zapt" {rC+ Int+4}
  7775 | D:5      | Reached skill level 1 in Armour
  8096 | D:5      | Reached skill level 7 in Dodging
  8165 | D:5      | Learned a level 3 spell: Swiftness
  8347 | D:5      | Reached skill level 2 in Armour
  8579 | D:5      | Reached ** piety under Vehumet
  8733 | D:5      | Offered knowledge of Foxfire by Vehumet.
  8920 | D:5      | Reached skill level 3 in Armour
  9286 | D:6      | Reached skill level 12 in Air Magic
  9513 | D:6      | Reached skill level 4 in Armour
  9513 | D:6      | Reached skill level 8 in Dodging
  9929 | D:6      | Reached skill level 4 in Fighting
 10032 | D:6      | Offered knowledge of Frozen Ramparts by Vehumet.
 10033 | D:6      | Reached skill level 5 in Fighting
 10478 | D:7      | Reached XP level 10. HP: 59/59 MP: 8/15
 10635 | D:7      | Found a stormy altar of Qazlal.
 10643 | D:7      | Reached skill level 6 in Fighting
 11061 | D:7      | Reached *** piety under Vehumet
 11144 | D:7      | Reached skill level 4 in Spellcasting
 11653 | D:7      | Identified a scroll of acquirement
 11653 | D:7      | Identified the "Vual" (You acquired it on level 7 of the
                  | Dungeon)
 11653 | D:7      | Acquired the Compilation of the Airy Volley
 11660 | D:7      | Learned a level 4 spell: Summon Lightning Spire
 11888 | D:7      | Reached skill level 1 in Summonings
 11906 | D:7      | Offered knowledge of Volatile Blastmotes by Vehumet.
 11907 | D:7      | Reached skill level 5 in Spellcasting
 12078 | D:7      | Reached skill level 2 in Summonings
 12448 | D:8      | Reached skill level 3 in Summonings
 12595 | D:8      | Reached skill level 4 in Summonings
 12605 | D:8      | Reached skill level 5 in Summonings
 12877 | D:8      | Identified the maw talisman "Uloavun" {Str+3}
 13344 | D:2      | Found Urys Nab's General Store.
 13348 | D:2      | Bought a scroll of butterflies for 52 gold pieces
 13430 | D:2      | Reached **** piety under Vehumet
 13563 | D:4      | Killed Sigmund
 13564 | D:4      | Reached skill level 6 in Spellcasting
 13564 | D:4      | Reached skill level 6 in Summonings
 13564 | D:4      | Reached skill level 1 in Evocations
 13861 | D:7      | Offered knowledge of Freezing Cloud by Vehumet.
 13862 | D:7      | Reached skill level 2 in Evocations
 13862 | D:7      | Noticed a two-headed ogre
 13995 | D:7      | Noticed a deep elf pyromancer
 14003 | D:7      | Reached XP level 11. HP: 64/64 MP: 1/21
 14029 | D:7      | Killed a two-headed ogre
 14030 | D:7      | Reached skill level 7 in Spellcasting
 14030 | D:7      | Killed a deep elf pyromancer
 14311 | D:7      | Noticed a cyclops
 14443 | D:7      | Reached skill level 8 in Spellcasting
 14670 | D:7      | Killed a cyclops
 15026 | D:9      | Reached skill level 9 in Spellcasting
 15246 | D:9      | Found a staircase to the Lair.
 15492 | D:9      | Reached skill level 10 in Spellcasting
 16079 | D:10     | Entered Level 10 of the Dungeon
 16079 | D:10     | Noticed a two-headed ogre
 16079 | D:10     | Found a hazy altar of Hepliaklqana.
 16082 | D:10     | Killed a two-headed ogre
 16292 | D:10     | Reached skill level 11 in Spellcasting
 16420 | D:10     | Reached XP level 12. HP: 70/70 MP: 11/28
 16522 | D:10     | Identified the +1 spear "Ox" {flame, rPois rF+ rC+ Int+2}
 16680 | D:10     | Reached ***** piety under Vehumet
 16680 | D:10     | Offered knowledge of Lee's Rapid Deconstruction by Vehumet.
 16703 | D:10     | Noticed a centaur warrior
 16955 | D:10     | Identified the +8 trident of Puosoph {flame, rF+ rCorr}
 17115 | D:10     | Killed a centaur warrior
 17445 | D:10     | Noticed Lodul
 17454 | D:10     | Killed Lodul
 17666 | D:13     | Identified the "Baegocem"
 17666 | D:13     | Identified the "Saeg"
 17666 | D:13     | Identified the "Ibyipn"
 17666 | D:13     | Identified the of Iriawka
 17666 | Lair:1   | Entered Level 1 of the Lair of Beasts
 17787 | Lair:1   | Identified the +2 robe "Vicvib" {Str+4 Archmagi}
 18014 | Lair:1   | Reached skill level 9 in Dodging
 18243 | Lair:1   | Reached skill level 12 in Spellcasting
 19020 | Lair:1   | Learned a level 4 spell: Vhi's Electric Charge
 19514 | Lair:2   | Identified the +5 ring mail "Loozuh" {rF++ rC+ Dex+2
                  | Slay+3}
 19578 | Lair:2   | Reached skill level 10 in Dodging
 19661 | Lair:2   | Noticed Fannar
 19669 | Lair:2   | Killed Fannar
 19670 | Lair:2   | Reached skill level 3 in Evocations
 20097 | Lair:2   | Reached skill level 7 in Summonings
 20100 | Lair:2   | Reached XP level 13. HP: 74/74 MP: 18/30
 20173 | Lair:2   | Found a staircase to the Snake Pit.
 20288 | Lair:1   | Reached skill level 4 in Evocations
 20514 | Lair:2   | Offered knowledge of Orb of Destruction by Vehumet.
 20766 | Lair:2   | Reached skill level 13 in Air Magic
 20849 | Lair:2   | Found a staircase to the Shoals.
 21653 | Lair:3   | You are sucked into a shaft and drop 2 floors!
 21653 | Lair:5   | Entered Level 5 of the Lair of Beasts
 21654 | Lair:5   | Found a burning altar of Makhleb.
 21666 | Lair:5   | Reached skill level 8 in Summonings
 21862 | Lair:5   | Reached skill level 11 in Dodging
 21862 | Lair:5   | Reached skill level 5 in Evocations
 21936 | Lair:5   | Reached skill level 13 in Spellcasting
 22093 | Lair:4   | Reached skill level 14 in Air Magic
 22589 | Lair:3   | Reached skill level 15 in Air Magic
 22761 | Lair:3   | Reached skill level 6 in Evocations
 23147 | Lair:3   | Reached skill level 7 in Evocations
 23147 | Lair:3   | Reached XP level 14. HP: 80/80 MP: 12/32
 23367 | Lair:3   | Reached skill level 8 in Evocations
 23865 | Lair:3   | Acquired a book of Beasts
 23872 | Lair:3   | Learned a level 4 spell: Summon Ice Beast
 24000 | Lair:3   | Found a runed translucent door.
 24001 | Lair:3   | Found a shimmering altar of Xom.
 24001 | Lair:3   | Noticed Bradai's ghost (journeyman MiFi)
 24250 | Lair:3   | Reached skill level 3 in Conjurations
 24610 | Lair:3   | Killed Bradai's ghost
 24611 | Lair:3   | Reached skill level 1 in Ice Magic
 25108 | Lair:4   | Offered knowledge of Conjure Ball Lightning by Vehumet.
 25117 | Lair:4   | Learned a level 6 spell: Conjure Ball Lightning
 25382 | Lair:4   | Reached skill level 5 in Stealth
 25382 | Lair:4   | Reached skill level 2 in Ice Magic
 26354 | Lair:5   | Reached skill level 7 in Fighting
 26641 | Lair:5   | Reached skill level 3 in Ice Magic
 26922 | Lair:4   | Reached skill level 6 in Stealth
 26922 | Lair:4   | Reached skill level 9 in Evocations
 27292 | Lair:5   | Reached XP level 15. HP: 86/86 MP: 24/33
 27333 | Lair:5   | Found a staircase to the Slime Pits.
 27334 | Lair:5   | Found a viscous altar of Jiyva.
 27379 | Lair:5   | Reached skill level 12 in Dodging
 27683 | Lair:5   | Identified the +0 leather armour of the Trombone {+Blink
                  | Int+3}
 28208 | Lair:5   | Reached skill level 16 in Air Magic
 28424 | Lair:5   | Reached skill level 4 in Ice Magic
 28926 | Lair:5   | Offered knowledge of Arcjolt by Vehumet.
 29014 | Lair:5   | Found a gateway to Hell.
 29021 | Lair:5   | Identified the ring "Irghial" {Will+ Str+6}
 29021 | Lair:5   | Identified the +6 mace "Vaewk" {flame, Str+2}
 29277 | D:10     | Reached skill level 8 in Fighting
 29490 | D:11     | Reached skill level 7 in Stealth
 30154 | D:11     | You are sucked into a shaft and drop 2 floors!
 30180 | D:13     | Found a frozen archway.
 30221 | IceCv    | Entered an ice cave
 30534 | IceCv    | Found the +4 skin of Zhor {*Englaciate rC+++ SInv}
 31038 | IceCv    | Offered knowledge of Yara's Violent Unravelling by Vehumet.
 32193 | D:12     | Noticed Josephine
 32206 | D:12     | Killed Josephine
 32386 | D:12     | Reached skill level 8 in Stealth
 32884 | D:12     | Reached skill level 9 in Fighting
 32893 | D:12     | Reached skill level 17 in Air Magic
 33198 | D:12     | Reached skill level 9 in Stealth
 33368 | D:12     | Found a staircase to the Orcish Mines.
 33762 | Orc:1    | Entered Level 1 of the Orcish Mines
 33890 | Orc:1    | Offered knowledge of Plasma Beam by Vehumet.
 34031 | Orc:1    | Noticed Erolcha
 34051 | Orc:1    | Killed Erolcha
 34294 | Orc:1    | Noticed Snorg
 34299 | Orc:1    | Killed Snorg
 34373 | Orc:1    | Found an ornate altar of the Wu Jian Council.
 34373 | Orc:1    | Found a transporter.
 34618 | Orc:1    | Noticed an orc warlord
 34629 | Orc:1    | Killed an orc warlord
 34810 | Orc:1    | Found a transporter.
 34843 | Orc:1    | Found a transporter.
 34843 | Orc:1    | Found an ornate altar of the Wu Jian Council.
 34843 | Orc:1    | Noticed an orc warlord
 34869 | Orc:1    | Found a transporter.
 34968 | Orc:1    | Found Zaosum's Assorted Antiques.
 35034 | Orc:2    | Entered Level 2 of the Orcish Mines
 35072 | Orc:2    | Found a staircase to the Elven Halls.
 35092 | Orc:2    | Found a gate leading to a gauntlet.
 35109 | Gauntlet | Entered a Gauntlet
 35109 | Gauntlet | Found a transporter.
 35234 | Gauntlet | Found a transporter.
 35248 | Gauntlet | Found a transporter.
 35255 | Gauntlet | Found a transporter.
 35270 | Gauntlet | Found a transporter.
 35291 | Gauntlet | Found a transporter.
 35303 | Gauntlet | Found a transporter.
 35315 | Gauntlet | Found a transporter.
 35327 | Gauntlet | Found a transporter.
 35339 | Gauntlet | Found a transporter.
 35357 | Gauntlet | Found a transporter.
 35376 | Gauntlet | Found a transporter.
 35383 | Gauntlet | Found a transporter.
 35412 | Gauntlet | Found a transporter.
 35432 | Gauntlet | Found a transporter.
 35432 | Gauntlet | Found a transporter.
 35433 | Gauntlet | Found a transporter.
 35443 | Gauntlet | Found a transporter.
 35911 | Gauntlet | Identified the amulet "Wongypso" {Faith rF+}
 35947 | Gauntlet | Learned a level 6 spell: Plasma Beam
 35969 | Gauntlet | Identified the +6 flail of Okawaru's Castigation {speed,
                  | rElec Will+}
 35985 | Gauntlet | Demolished by a minotaur

Vanquished Creatures
  An orc warlord (Orc:1)
  The ghost of Bradai the Fencer, a journeyman MiFi of Kikubaaqudgha (Lair:3)
  Snorg (Orc:1)
  Josephine (D:12)
  Fannar (Lair:2)
  2 hydras
  A boulder beetle (Lair:5)
  A centaur warrior (D:10)
  3 two-headed ogres
  A dancing weapon (Lair:3)
  5 death yaks
  An occultist (Lair:5)
  A skyshark (Lair:3)
  A sixfirhy (Lair:5)
  Lodul (D:10)
  A bog body (IceCv)
  A lindwurm (Lair:4)
  A deep elf pyromancer (D:12)
  An ugly thing (D:13)
  A necromancer (Gauntlet)
  A manticore (D:13)
  A faun (Lair:1)
  2 cyclopes
  3 black mambas
  A rust devil (Gauntlet)
  An ice statue (IceCv)
  4 elephants (Lair:3)
  A torpor snail (Lair:4)
  A gargoyle (D:11)
  An eye of devastation (Gauntlet)
  An orange demon (Lair:5)
  10 cane toads
  An unseen horror (D:7)
  8 komodo dragons
  3 rime drakes
  An ice devil (Lair:5)
  A polar bear (Lair:3)
  2 trolls (Orc:1)
  A hellwing (Lair:5)
  5 blink frogs (Lair:2)
  13 dream sheep
  4 slime creatures
  A dire elephant simulacrum (IceCv)
  Sigmund (D:4)
  5 wraiths
  2 golden eyes (Gauntlet)
  48 yaks
  A steam dragon (Lair:2)
  A wyvern (D:7)
  A death yak simulacrum (IceCv)
  A basilisk (Lair:3)
  5 wargs
  2 acid dragons
  2 hell hounds (Lair:5)
  13 water moccasins
  7 orc warriors
  2 black bears
  An ice beast (D:8)
  A sky beast (D:7)
  7 ogres
  12 wolves
  3 centaurs (D:11)
  A phantom (D:6)
  5 kobold brigands
  13 bullfrogs
  12 scorpions
  5 gnoll sergeants (D:5)
  2 two-headed ogre simulacra (IceCv)
  A cane toad simulacrum (IceCv)
  3 wights (D:7)
  6 killer bees
  An elephant simulacrum (D:13)
  9 howler monkeys
  3 centaur zombies (Ossuary)
  A lava snake (Lair:2)
  11 orc priests
  5 human zombies (Ossuary)
  11 hounds
  A gnoll bouda (D:5)
  3 jellies
  3 sleepcaps
  Jessica (D:2)
  5 hell rats
  3 iguanas
  7 scorpion zombies (Ossuary)
  14 orc wizards
  A polar bear simulacrum (IceCv)
  4 spriggan simulacra
  A troll simulacrum (IceCv)
  A wolf simulacrum (IceCv)
  3 mummies (Ossuary)
  10 adders
  16 gnolls
  6 naga simulacra (IceCv)
  2 shadow imps
  9 white imps
  4 ufetubi
  A dart slug (D:1)
  35 orcs
  8 ball pythons
  7 endoplasms
  2 giant cockroaches (D:2)
  8 goblins
  4 hobgoblins
  4 jackals
  5 quokkas
  6 bats
  8 frilled lizards
  3 gnoll zombies (Ossuary)
  3 goblin zombies (Ossuary)
  17 kobolds
  A kobold zombie (Ossuary)
  2 orc zombies (Ossuary)
  8 rats
514 creatures vanquished.

Vanquished Creatures (collateral kills)
  Erolcha (Orc:1)
  2 hydras (Lair:5)
  A boulder beetle (D:12)
  2 two-headed ogres
  11 death yaks
  A skyshark (Lair:5)
  A bog body (IceCv)
  A deep elf pyromancer (D:7)
  A cyclops (D:11)
  2 manticores
  2 elephants
  3 orange demons (Lair:5)
  5 black mambas
  8 cane toads
  2 rime drakes
  2 ice devils
  5 komodo dragons
  An anaconda simulacrum (IceCv)
  2 polar bears
  8 blink frogs
  18 dream sheep
  8 slime creatures
  5 wraiths
  35 yaks
  A ynoxinul (Gauntlet)
  2 vampire mosquitoes (D:7)
  A basilisk (Lair:4)
  A death yak simulacrum (IceCv)
  3 wargs
  2 acid dragons
  A hydra simulacrum (IceCv)
  7 water moccasins
  2 hell hounds (Lair:5)
  3 orc warriors
  A black bear (Lair:3)
  An ogre (D:10)
  5 wolves
  4 centaurs
  2 kobold brigands (D:9)
  4 two-headed ogre simulacra (IceCv)
  6 killer bees (D:10)
  2 elephant simulacra (IceCv)
  2 howler monkeys (D:13)
  A jelly (Lair:5)
  3 orc priests
  A gnoll bouda (Orc:2)
  2 iron imps (Gauntlet)
  2 orc wizards
  2 polar bear simulacra
  4 hell rats
  3 troll simulacra
  2 wolf simulacra
  6 spriggan simulacra
  3 gnolls (Orc:2)
  A naga simulacrum (D:13)
  2 white imps (IceCv)
  An ufetubus (IceCv)
  20 orcs
  3 endoplasms (Lair:5)
  6 kobolds
  A ball lightning (IceCv)
240 creatures vanquished.

Vanquished Creatures (others)
  13 ball lightnings
13 creatures vanquished.

Grand Total: 767 creatures vanquished

Table legend: (Time is in decaauts)
 A = Elapsed time spent in this place.
 B = Non-inter-level travel time spent in this place.
 C = Inter-level travel time spent in this place.
 D = Time resting spent in this place.
 E = Time spent auto-exploring this place.
 F = Levels seen in this place.
 G = Mean time per level.
                   A        B        C        D        E       F      G
               +--------+--------+--------+--------+--------+-----+--------+
         Total |  36034 |  34629 |   1405 |   5335 |  23870 |  24 | 1501.4 |
       Dungeon |  17908 |  16948 |    960 |   1627 |  12852 |  13 | 1377.5 |
        Temple |     50 |      1 |     49 |      0 |      0 |   1 |   50.0 |
          Lair |  11596 |  11215 |    381 |   1967 |   7705 |   5 | 2319.2 |
  Orcish Mines |   1348 |   1334 |     14 |    344 |    796 |   2 |  674.0 |
       Ossuary |   2308 |   2308 |      0 |    904 |    965 |   1 | 2308.0 |
      Ice Cave |   1944 |   1944 |      0 |    281 |   1276 |   1 | 1944.0 |
      Gauntlet |    878 |    878 |      0 |    212 |    276 |   1 |  878.0 |
               +--------+--------+--------+--------+--------+-----+--------+

Top non-repeatable levels by time:
     D:7: 2946 daAuts
  Lair:5: 2610 daAuts
  Lair:4: 2444 daAuts
  Lair:2: 2368 daAuts
 Ossuary: 2308 daAuts
  Lair:3: 2210 daAuts
     D:4: 2154 daAuts
  Lair:1: 1962 daAuts
   IceCv: 1944 daAuts
     D:5: 1907 daAuts
    D:10: 1633 daAuts
    D:12: 1568 daAuts
     D:2: 1410 daAuts
     D:6: 1309 daAuts
   Orc:1: 1272 daAuts

Table legend:
 A = Non-vault XP
 B = Vault XP
 C = Vault XP percentage of total XP
 D = Non-vault monster count
 E = Vault monster count
 F = Vault count percentage of total count
                 A         B        C        D         E       F
            +---------+---------+-------+---------+---------+-------
      Total |   84736 |   42232 |  33.3 |     485 |     268 |  35.6
            +---------+---------+-------+---------+---------+-------
        D:1 |      24 |       6 |  20.0 |      14 |       4 |  22.2
        D:2 |      84 |      37 |  30.6 |      23 |       1 |   4.2
        D:3 |     232 |       0 |   0.0 |      20 |       0 |   0.0
        D:4 |     349 |     243 |  41.0 |      16 |       3 |  15.8
        D:5 |     432 |     860 |  66.6 |      18 |      21 |  53.8
        D:6 |     966 |      44 |   4.4 |      18 |       6 |  25.0
        D:7 |    1041 |    4654 |  81.7 |      22 |      25 |  53.2
        D:8 |    2493 |       0 |   0.0 |      27 |       0 |   0.0
        D:9 |    2591 |     192 |   6.9 |      13 |       6 |  31.6
       D:10 |    4401 |    1087 |  19.8 |      30 |       4 |  11.8
       D:11 |    4814 |       0 |   0.0 |      23 |       0 |   0.0
       D:12 |    7654 |    2468 |  24.4 |      22 |      21 |  48.8
       D:13 |    1690 |     895 |  34.6 |       7 |      11 |  61.1
     Lair:1 |    5213 |    1528 |  22.7 |      23 |       5 |  17.9
     Lair:2 |    8634 |    3244 |  27.3 |      38 |       9 |  19.1
     Lair:3 |   13652 |    4154 |  23.3 |      42 |      12 |  22.2
     Lair:4 |   15801 |     147 |   0.9 |      43 |       1 |   2.3
     Lair:5 |   10267 |   10142 |  49.7 |      32 |      39 |  54.9
      Orc:1 |    3652 |    1820 |  33.3 |      34 |       2 |   5.6
      Orc:2 |     746 |       0 |   0.0 |      20 |       0 |   0.0
    Ossuary |       0 |    1563 | 100.0 |       0 |      38 | 100.0
      IceCv |       0 |    4589 | 100.0 |       0 |      49 | 100.0
   Gauntlet |       0 |    4559 | 100.0 |       0 |      11 | 100.0
            +---------+---------+-------+---------+---------+-------

Levels and vault maps discovered:
D:1:      dpeg_arrival_arbitrary_b, layout_rooms, skrybe_limestone_x,
          minmay_3d_cube
D:2:      layout_basic, serial_shops, shop, shop, uniq_jessica
D:3:      layout_basic, mainiacjoe_overflow_alcove_2,
          mainiacjoe_overflow_cross_hatched, corexii_shack
D:4:      layout_layer_cave, nicolae_uskayaw_en_pointe,
          nicolae_overflow_macrodata_refinement,
          minmay_temple_entry_drinking_statues, serial_shops, shop, uniq_sigmund
D:5:      layout_cave_pools, enter_ossuary_5, serial_gnoll_camp,
          gnoll_camp_mini_house, gnoll_camp_mini_hut, gnoll_camp_huts_basic,
          gnoll_camp_mini_hut, gnoll_camp_mini_loothouse
D:6:      layout_loops_cross, minmay_lizard_king
D:7:      minmay_the_grid_octo_2x2 [minmay_the_grid_octo_horde,
          minmay_the_grid_octo_checkered, minmay_the_grid_octo_toaster,
          minmay_the_grid_octo_prize_big_c], layout_basic,
          nicolae_qazlal_general_emergency
D:8:      layout_rooms
D:9:      layout_loops_ring, lair_entry_dummy, minmay_unpleasant_kobolds
D:10:     layout_stronghold, nzn_hepliaklqana_mist_gate, uniq_lodul
D:11:     layout_rooms
D:12:     layout_rooms, erik_orc_4, chequers_jeans, grunt_ministairs_13,
          glass_columns_a, uniq_josephine
D:13:     evilmike_library_of_no_secrets, layout_irregular_city, david_vaults_1,
          portal_ice_cave_entry_ice_simulacra, nicolae_trove_entry_diagonal,
          nicolae_shop_self_help
Temple:   oiseaux_autumnal_temple
Lair:1:   layout_cave_pods, chequers_serial_rivers_small_3,
          grunt_forest_large_clearings, grunt_megastairs_5
Lair:2:   layout_gridlike, elwin_shoals_entry_rocks,
          minmay_snake_entry_six_corridors, minivault_24,
          chequers_serial_rivers_micro_c, uniq_fannar
Lair:3:   layout_chaotic_city, ebering_ghost_xom, grunt_megastairs_4,
          serial_bayou_shore_b
Lair:4:   layout_regular_city
Lair:5:   evil_forest, layout_misc_corridors, nicolae_slime_entry_slimehenge,
          grunt_megastairs_3
Orc:1:    dreamdust_wu_jian_sword_trials, layout_diamond_mine, serial_shops,
          nicolae_lakefront_shop, uniq_erolcha, uniq_snorg
Orc:2:    st_orc_ogre_mass, layout_diamond_mine, gauntlet_entry_generic,
          serial_shops, nicolae_shop_rolling_square
Gauntlet: gammafunk_gauntlet_one_two_three [gammafunk_gauntlet_arena_grid,
          gammafunk_gauntlet_arena_spirals, gammafunk_gauntlet_arena_hedges,
          nicolae_gauntlet_arena_t_cross, gammafunk_gauntlet_arena_teeth,
          gammafunk_gauntlet_arena_arrow_garden, gammafunk_gauntlet_arena_open,
          gammafunk_gauntlet_arena_crates, gammafunk_gauntlet_arena_corners,
          dreamdust_gauntlet_exit_labyrinth]
